 Dungeon Crawl Stone Soup version 0.31-a0-851-g7ff8af7976 (webtiles) character file.

Game seed: 11601419810025205882

8740 zazu2006 the Thaumaturge (level 11, -33/83 HPs)
             Began as a Gnoll Wanderer on Oct 5, 2023.
             Was a Believer of Vehumet.
             Annihilated by an ettin
             ... wielding a +0 great mace
              (42 damage)
             ... on level 11 of the Dungeon.
             The game lasted 00:32:06 (12691 turns).

zazu2006 the Thaumaturge (Gnoll Wanderer)          Turns: 12691, Time: 00:32:06

Health: -33/83     AC: 16    Str: 14    XL:     11   Next: 35%
Magic:  13/24      EV: 13    Int: 18    God:    Vehumet [**....]
Gold:   344        SH:  5    Dex: 10    Spells: 23/29 levels left

rFire   . . .        n - +2 dagger (venom)
rCold   . . .        m - +0 buckler
rNeg    . . .        b - +0 steam dragon scales
rPois   .            e - +2 helmet {Int+3}
rElec   .            a - +0 cloak
rCorr   .            M - +0 pair of gloves
SInv    .            (no boots)
Will    .....        (no amulet)
Stlth   +++          l - +4 ring of protection
HPRegen 0.33/turn    F - ring of wizardry
MPRegen 0.19/turn

%: wizardry (x1)
@: slightly contaminated
A: fangs 1, strong nose, distributed training
a: Renounce Religion


You were on level 11 of the Dungeon.
You worshipped Vehumet.
Vehumet was pleased with you.
You visited 2 branches of the dungeon, and saw 12 of its levels.
You also visited: Ossuary.

You collected 601 gold pieces.
You spent 257 gold pieces at shops.

Inventory:

Hand Weapons
 h - a +0 quick blade
 j - a +1 short sword of electrocution
 n - a +2 dagger of venom (weapon)
Missiles
 J - a throwing net
Armour
 a - a +0 cloak (worn)
 b - +0 steam dragon scales (worn)
 e - a +2 helmet of intelligence (worn)
 m - a +0 buckler (worn)
 K - the +3 leather armour of Aptes {rF+}
   (You found it on level 9 of the Dungeon)

   rF+:       It protects you from fire.
 M - a +0 pair of gloves (worn)
 N - +0 acid dragon scales
Jewellery
 d - a ring of positive energy
 l - a +4 ring of protection (left hand)
 t - a ring of ice
 v - a ring of resist corrosion
 x - an amulet of the acrobat
 F - a ring of wizardry (right hand)
 O - an amulet of guardian spirit
Wands
 s - a wand of polymorph (11)
 G - a wand of charming (3)
Scrolls
 f - a scroll of noise
 g - a scroll of immolation
 i - 3 scrolls of enchant armour
 k - 3 scrolls of blinking {unknown}
 o - 4 scrolls of fog
 w - 2 scrolls of identify
 y - 2 scrolls of butterflies
 A - 2 scrolls of enchant weapon {unknown}
 C - 2 scrolls of vulnerability {unknown}
 H - 2 scrolls of revelation {unknown}
 I - a scroll of amnesia {unknown}
 L - a scroll of fear
Potions
 c - a potion of haste {unknown}
 p - 2 potions of berserk rage
 q - 2 potions of ambrosia {unknown}
 r - 4 potions of brilliance {unknown}
 u - 2 potions of curing
 z - 2 potions of mutation
 B - 3 potions of heal wounds
 D - a potion of attraction
 E - 2 potions of lignification {unknown}


   Skills:
 + Level 6.9 Fighting
 + Level 6.3 Short Blades
 + Level 6.3 Long Blades
 + Level 6.3 Axes
 + Level 6.3 Maces & Flails
 + Level 6.3 Polearms
 + Level 6.3 Staves
 + Level 6.3 Ranged Weapons
 + Level 6.3 Throwing
 + Level 6.3 Armour
 + Level 6.9 Dodging
 + Level 7.7 Stealth
 + Level 6.3 Shields
 + Level 6.3 Unarmed Combat
 + Level 9.6 Spellcasting
 + Level 5.2 Conjurations
 + Level 6.5 Hexes
 + Level 5.2 Summonings
 + Level 5.2 Necromancy
 + Level 5.2 Translocations
 + Level 5.2 Transmutations
 + Level 5.2 Fire Magic
 + Level 5.2 Ice Magic
 + Level 5.2 Air Magic
 + Level 5.2 Earth Magic
 + Level 5.2 Poison Magic
 + Level 6.9 Invocations
 + Level 6.3 Evocations
 + Level 5.7 Shapeshifting


You had 23 spell levels left.
You knew the following spells:

 Your Spells              Type           Power      Damage    Failure   Level
a - Sandblast             Erth           54%        2d13      1%          1
b - Irradiate             Conj/Tmut      13%        3d16      13%         5

Your spell library contained the following spells:

 Spells                   Type           Power      Damage    Failure   Level
 Magic Dart               Conj           100%       1d8       1%          1
 Slow                     Hex            100%       N/A       1%          1
 Ensorcelled Hibernation  Hex/Ice        60%        N/A       1%          2
 Jinxbite                 Hex            64%        N/A       1%          2
 Lesser Beckoning         Tloc           54%        N/A       1%          2
 Static Discharge         Conj/Air       54%        2-5/arc   1%          2
 Sublimation of Blood     Necr           27%        N/A       1%          2
 Gell's Gravitas          Tloc           27%        N/A       1%          3
 Teleport Other           Tloc           27%        N/A       1%          3
 Petrify                  Tmut/Erth      27%        N/A       4%          4


Dungeon Overview and Level Annotations

Branches:
Dungeon (11/15)            Temple (1/1) D:7            Lair (0/5) D:11
Ossuary (visited)
    Orc: D:9-12

Altars:
Ashenzari
Cheibriados
Dithmenos
Elyvilon
Fedhas
Gozag
Hepliaklqana
Kikubaaqudgha
Makhleb
Nemelex Xobeh
Okawaru
Qazlal
Ru
Sif Muna
Trog
Uskayaw
Vehumet
Wu Jian
Xom
Yredelemnul
Zin
The Shining One

Shops:
D:1 [?*:*   D:4 !*=   D:5 !   D:10 :

Portals:
Abyss: D:4

Annotations:
D:4 2 transporters, retardedninja's ghost, amateur GrFE
D:5 1 transporter
D:11 exclusion: oklob plant


Innate Abilities, Weirdness & Mutations

You have very sharp teeth.
Your uncanny sense of smell can sniff out nearby items.
Your experience applies equally to all skills.


Message History

Confirm with . or Enter, or press ? or * to list all spells.
Aiming: Sandblast (safe; 1% risk of failure)
Press: ? - help, Shift-Dir - straight line, f - ettin
Aim: an ettin, wielding a +0 great mace and a +0 dire flail (96% to hit)
The blast of sand hits the ettin.
The ettin is lightly wounded.
Unknown command.
Casting: Sandblast (safe; 1% risk of failure)
Confirm with . or Enter, or press ? or * to list all spells.
Aiming: Sandblast (safe; 1% risk of failure)
Press: ? - help, Shift-Dir - straight line, f/p - ettin
Aim: an ettin, wielding a +0 great mace and a +0 dire flail (lightly wounded, 96% to hit)
The blast of sand hits the ettin!
The ettin is moderately wounded.
Unknown command.
Okay, then.
You hit the ettin.
The ettin is poisoned.
The ettin is moderately wounded.
The ettin barely misses you.
The ettin hits you with a +0 dire flail!!
Casting: Sandblast (safe; 1% risk of failure)
Confirm with . or Enter, or press ? or * to list all spells.
You erupt in a fountain of uncontrolled magic!
The ettin is blasted with magical radiation!!
The ettin is severely wounded.
You are very lightly contaminated with residual magic.
The ettin hits you with a +0 great mace!!
The ettin hits you with a +0 dire flail.
Unknown command.
Casting: Irradiate (dangerous; 13% risk of failure)
Confirm with . or Enter, or press ? or * to list all spells.
You erupt in a fountain of uncontrolled magic!
The ettin is blasted with magical radiation.
The ettin is almost dead.
You are lightly contaminated with residual magic.
The ettin hits you with a +0 great mace!!
* * * LOW HITPOINT WARNING * * *
The ettin hits you with a +0 dire flail!!!
Ouch! That really hurt!
You die...

# #.........# ###
#...$.....## ..####
#..........# .....#
#.........# .....###
#.........#
.......###.........#
##>.....##.......(#
.>####..........C.#
.. #....!.....@.# ..
#............# ##
##...........#
#..........## ∆∆
#..........# ∆∆
#....(.....# ∆∆
......P...## ∆∆
......$....# ∆∆


You could see an ettin (poisoned).

Vanquished Creatures
  2 two-headed ogres
  A cyclops (D:11)
  An unseen horror (D:10)
  2 trolls (D:10)
  4 wyverns
  A wraith (Ossuary)
  18 yaks
  3 steam dragons
  An acid dragon (D:10)
  2 orc warriors
  3 black bears
  3 ogres
  2 centaurs (D:8)
  2 kobold brigands
  A gnoll sergeant (D:8)
  4 bullfrogs
  2 scorpions
  5 killer bees (D:8)
  3 howler monkeys
  8 orc priests
  A jelly (D:6)
  4 hounds
  2 iguanas
  An iron imp (D:4)
  Jessica (D:2)
  2 sleepcaps
  6 orc wizards
  3 mummies (Ossuary)
  5 gnolls
  8 adders
  3 white imps
  2 adder zombies (D:3)
  A worm (D:5)
  3 dart slugs
  31 orcs
  7 ball pythons
  9 endoplasms
  6 giant cockroaches
  7 goblins
  8 hobgoblins
  3 jackals (D:4)
  16 kobolds
  5 quokkas
  A ball python zombie (D:3)
  3 bats (D:1)
  2 frilled lizards (D:1)
  A giant cockroach zombie (D:3)
  2 gnoll zombies (Ossuary)
  4 goblin zombies (Ossuary)
  3 kobold zombies (Ossuary)
  5 rats
223 creatures vanquished.

Vanquished Creatures (others)
  An orc wizard (D:8)
  A gnoll (D:8)
2 creatures vanquished.

Grand Total: 225 creatures vanquished

Notes
Turn   | Place    | Note
-------+----------+-------------------------------------------
     0 | D:1      | zazu2006 the Gnoll Wanderer began the quest for the Orb.
     0 | D:1      | zazu2006 set off with the following items: a +0 dagger, a
                  | scroll of fear, a +0 robe, a +0 cloak; and the following
                  | spells available to memorise: Slow, Jinxbite, Ensorcelled
                  | Hibernation, Sandblast, Static Discharge, Teleport Other.
     0 | D:1      | Reached XP level 1. HP: 17/17 MP: 8/8
    56 | D:1      | Learned a level 1 spell: Sandblast
   157 | D:1      | Found Baugyfus's Assorted Antiques.
   197 | D:1      | Found Banuajer's General Store.
   199 | D:1      | Found Qieleop's Book Shoppe.
   268 | D:1      | Reached XP level 2. HP: 23/23 MP: 8/10
   558 | D:1      | Found Ykomaun's Antique Armour Shoppe.
   621 | D:1      | Found Fuven's Magic Scroll Emporium.
   864 | D:1      | Bought a scroll of identify for 22 gold pieces
   895 | D:2      | Reached XP level 3. HP: 28/28 MP: 7/11
  1006 | D:2      | Reached skill level 1 in Invocations
  1043 | D:2      | Reached skill level 1 in Short Blades
  1043 | D:2      | Reached skill level 1 in Long Blades
  1043 | D:2      | Reached skill level 1 in Axes
  1043 | D:2      | Reached skill level 1 in Maces & Flails
  1043 | D:2      | Reached skill level 1 in Polearms
  1043 | D:2      | Reached skill level 1 in Staves
  1043 | D:2      | Reached skill level 1 in Ranged Weapons
  1043 | D:2      | Reached skill level 1 in Throwing
  1043 | D:2      | Reached skill level 1 in Armour
  1043 | D:2      | Reached skill level 1 in Shields
  1043 | D:2      | Reached skill level 1 in Unarmed Combat
  1043 | D:2      | Reached skill level 1 in Evocations
  1115 | D:2      | Reached XP level 4. HP: 33/34 MP: 5/13
  1225 | D:2      | Reached skill level 1 in Shapeshifting
  1307 | D:2      | Noticed Jessica
  1313 | D:2      | Killed Jessica
  1314 | D:2      | Reached skill level 1 in Conjurations
  1314 | D:2      | Reached skill level 1 in Summonings
  1314 | D:2      | Reached skill level 1 in Necromancy
  1314 | D:2      | Reached skill level 1 in Translocations
  1314 | D:2      | Reached skill level 1 in Transmutations
  1314 | D:2      | Reached skill level 1 in Fire Magic
  1314 | D:2      | Reached skill level 1 in Ice Magic
  1314 | D:2      | Reached skill level 1 in Air Magic
  1314 | D:2      | Reached skill level 1 in Earth Magic
  1314 | D:2      | Reached skill level 1 in Poison Magic
  1873 | D:3      | Reached XP level 5. HP: 18/40 MP: 12/14
  1972 | D:3      | Found a hide-covered altar of Uskayaw.
  2229 | D:3      | Found a sacrificial altar of Ru.
  2516 | D:3      | Found a basalt altar of Yredelemnul.
  2812 | D:4      | Reached XP level 6. HP: 47/47 MP: 16/16
  2818 | D:4      | Found a transporter.
  2850 | D:4      | Found a one-way gate to the infinite horrors of the Abyss.
  2850 | D:4      | Noticed retardedninja's ghost (amateur GrFE)
  2874 | D:4      | Found a transporter.
  2882 | D:4      | Found Symp's General Store.
  2957 | D:4      | Found a glowing golden altar of the Shining One.
  2985 | D:4      | Found Vyoloonu's Jewellery Emporium.
  3092 | D:4      | Found a hazy altar of Hepliaklqana.
  3137 | D:4      | Found Jox Nirileck's Distillery.
  3156 | D:4      | Bought a potion of heal wounds for 70 gold pieces
  3300 | D:4      | Found a snail-covered altar of Cheibriados.
  3505 | D:5      | Entered Level 5 of the Dungeon
  3530 | D:5      | Reached XP level 7. HP: 36/52 MP: 13/18
  3982 | D:5      | Found a sparkling altar of Nemelex Xobeh.
  3982 | D:5      | Found a transporter.
  3982 | D:5      | Noticed a steam dragon
  3994 | D:5      | Noticed a yak
  4168 | D:5      | Reached skill level 5 in Stealth
  4227 | D:5      | Found an iron altar of Okawaru.
  4371 | D:5      | Found a shadowy altar of Dithmenos.
  4459 | D:5      | Found Ubra Biv's Distillery.
  4821 | D:1      | Bought a shiny helmet for 165 gold pieces
  4956 | D:6      | Found a sand-covered staircase.
  4965 | Ossuary  | Entered an ossuary
  4965 | Ossuary  | Noticed a wraith
  4965 | Ossuary  | Noticed a wraith
  4965 | Ossuary  | Noticed a wraith
  5314 | Ossuary  | Noticed a wraith
  5330 | Ossuary  | Killed a wraith
  5331 | Ossuary  | Reached XP level 8. HP: 33/60 MP: 12/19
  5849 | D:6      | Reached skill level 8 in Spellcasting
  5884 | D:6      | Found a broken altar of Ashenzari.
  6080 | D:6      | Found a white marble altar of Elyvilon.
  6216 | D:6      | Identified the +1 sling "Orumotocli" {freeze, rElec Dex+3}
  6513 | D:6      | Reached skill level 5 in Hexes
  6687 | D:6      | Reached XP level 9. HP: 39/67 MP: 19/21
  6910 | D:7      | Identified the +1 ring mail of Experimentation {rF+ Dex+3}
  7256 | D:7      | Found a staircase to the Ecumenical Temple.
  7319 | Temple   | Entered the Ecumenical Temple
  7337 | Temple   | Became a worshipper of Vehumet
  7416 | D:7      | Reached skill level 5 in Fighting
  7416 | D:7      | Reached skill level 5 in Dodging
  8454 | D:8      | Reached skill level 5 in Invocations
  8779 | D:8      | Reached * piety under Vehumet
  8779 | D:8      | Offered knowledge of Kiss of Death by Vehumet.
  8939 | D:9      | Noticed a two-headed ogre
  8954 | D:9      | Killed a two-headed ogre
  8955 | D:9      | Reached skill level 5 in Short Blades
  8955 | D:9      | Reached skill level 5 in Long Blades
  8955 | D:9      | Reached skill level 5 in Axes
  8955 | D:9      | Reached skill level 5 in Maces & Flails
  8955 | D:9      | Reached skill level 5 in Polearms
  8955 | D:9      | Reached skill level 5 in Staves
  8955 | D:9      | Reached skill level 5 in Ranged Weapons
  8955 | D:9      | Reached skill level 5 in Throwing
  8955 | D:9      | Reached skill level 5 in Armour
  8955 | D:9      | Reached skill level 5 in Shields
  8955 | D:9      | Reached skill level 5 in Unarmed Combat
  8955 | D:9      | Reached skill level 5 in Evocations
  8955 | D:9      | Reached XP level 10. HP: 18/76 MP: 17/22
  9444 | D:8      | Reached skill level 9 in Spellcasting
  9888 | D:9      | Identified the +3 leather armour of Aptes {rF+}
 10235 | D:10     | Entered Level 10 of the Dungeon
 10258 | D:10     | Reached skill level 5 in Shapeshifting
 10609 | D:11     | Noticed a cyclops
 10779 | D:10     | Killed an unseen horror
 11232 | D:10     | Reached XP level 11. HP: 61/83 MP: 20/24
 11286 | D:10     | Reached skill level 5 in Conjurations
 11286 | D:10     | Reached skill level 5 in Summonings
 11286 | D:10     | Reached skill level 5 in Necromancy
 11286 | D:10     | Reached skill level 5 in Translocations
 11286 | D:10     | Reached skill level 5 in Transmutations
 11286 | D:10     | Reached skill level 5 in Fire Magic
 11286 | D:10     | Reached skill level 5 in Ice Magic
 11286 | D:10     | Reached skill level 5 in Air Magic
 11286 | D:10     | Reached skill level 5 in Earth Magic
 11286 | D:10     | Reached skill level 5 in Poison Magic
 11571 | D:10     | Found Gaxuniwk's Self-Published Books.
 11889 | D:11     | Noticed a two-headed ogre
 11898 | D:11     | Killed a two-headed ogre
 11919 | D:10     | Reached ** piety under Vehumet
 12134 | D:10     | Learned a level 5 spell: Irradiate
 12252 | D:11     | Offered knowledge of Magic Dart by Vehumet.
 12484 | D:11     | Found a staircase to the Lair.
 12492 | D:11     | Noticed an oklob plant
 12677 | D:11     | Noticed a cyclops
 12679 | D:11     | Noticed an ettin
 12685 | D:11     | Killed a cyclops
 12691 | D:11     | Annihilated by an ettin

Illustrated notes

Levels and vault maps discovered:
D:1:      saegor_arrival_fortress, layout_rooms, serial_shops, shop,
          nicolae_shop_waterfront, shop, nicolae_shop_tiny_statue_garden, shop
D:2:      layout_loops_ring, nrook_uturn, mrwooster_statue_mirror,
          minmay_domino_2, uniq_jessica
D:3:      layout_basic, amcnicky_altar_gilded, mainiacjoe_overflow_alcove_2,
          nicolae_yredelemnul_corpse_copse
D:4:      layout_rooms, tso_oasis_becter, slow_altar_2,
          nzn_hepliaklqana_mist_gate, gammafunk_ghost_abyssal_escape,
          serial_shops, shop, nicolae_shop_competitors_out_of_business, shop,
          st_stairs_14
D:5:      layout_basic, mainiacjoe_overflow_catwalk, grunt_nemelex_the_gamble,
          okawaru_trees_1, serial_shops, shop
D:6:      kennysheep_steamy, layout_basic, mainiacjoe_overflow_cross_hatched,
          elyvilon_altar_3, nicolae_ossuary_entry_monument,
          kennysheep_small_circle
D:7:      layout_cave_pools, minmay_temple_entry_antechambers,
          corexii_checkpoint_a, minivault_11, serial_bayou_pond_e
D:8:      layout_basic, lemuel_flamethrower_2
D:9:      layout_rooms, kennysheep_generic_room_14
D:10:     layout_roguey, minivault_1, grunt_ministairs_13, minivault_1,
          nicolae_custom_books
D:11:     giant_chief_lemuel, layout_rooms, dpeg_oklobed_lair, david_orc_3
Temple:   minmay_temple_curvy_loop

Skill      XL: |  1  2  3  4  5  6  7  8  9 10 11 |
---------------+----------------------------------+-----
Invocations    | 1 2 3 4 5 6 |  6.9
Short Blades   | 1 2 3 5 6 |  6.3
Long Blades    | 1 2 3 5 6 |  6.3
Axes           | 1 2 3 5 6 |  6.3
Maces & Flails | 1 2 3 5 6 |  6.3
Polearms       | 1 2 3 5 6 |  6.3
Staves         | 1 2 3 5 6 |  6.3
Ranged Weapons | 1 2 3 5 6 |  6.3
Throwing       | 1 2 3 5 6 |  6.3
Armour         | 1 2 3 5 6 |  6.3
Shields        | 1 2 3 5 6 |  6.3
Unarmed Combat | 1 2 3 5 6 |  6.3
Evocations     | 1 2 3 5 6 |  6.3
Shapeshifting  | 1 2 3 4 5 |  5.7
Conjurations   | 1 2 3 4 5 |  5.2
Summonings     | 1 2 3 4 5 |  5.2
Necromancy     | 1 2 3 4 5 |  5.2
Translocations | 1 2 3 4 5 |  5.2
Transmutations | 1 2 3 4 5 |  5.2
Fire Magic     | 1 2 3 4 5 |  5.2
Ice Magic      | 1 2 3 4 5 |  5.2
Air Magic      | 1 2 3 4 5 |  5.2
Earth Magic    | 1 2 3 4 5 |  5.2
Poison Magic   | 1 2 3 4 5 |  5.2
Fighting       | 3 4 5 6 |  6.9
Dodging        | 3 4 5 6 |  6.9
Hexes          | 4 5 6 |  6.5
Stealth        | 5 6 7 |  7.7
Spellcasting   | 8 9 |  9.6

Action                     |  1- 3 |  4- 6 |  7- 9 | 10-12 || total
---------------------------+-------+-------+-------+-------++-------
  Melee: Dagger            |    11 |       |   114 |   194 ||   319
         Bite              |     1 |    29 |    25 |    42 ||    97
         Short sword       |       |    97 |   102 |    35 ||   234
         Punch             |       |     7 |     1 |    20 ||    28
         Quick blade       |       |   171 |       |       ||   171
         Unarmed           |       |       |    19 |       ||    19
   Cast: Sandblast         |    61 |    46 |   177 |    99 ||   383
         Irradiate         |       |       |       |     2 ||     2
  Evoke: Wand              |       |       |       |     2 ||     2
    Use: Scroll            |     1 |     3 |     4 |     5 ||    13
         Potion            |       |       |     1 |     1 ||     2
   Stab: Sleeping          |       |     6 |     3 |     2 ||    11
         Distracted        |       |       |       |     1 ||     1
 Armour: Robe              |    19 |    94 |   136 |       ||   249
         Skin              |       |       |    13 |       ||    13
         Steam dragon scal |       |       |   127 |   279 ||   406
  Dodge: Dodged            |    33 |   101 |   227 |   143 ||   504
  Block: Buckler           |       |       |       |     2 ||     2

Table legend: (Time is in decaauts)
 A = Elapsed time spent in this place.
 B = Non-inter-level travel time spent in this place.
 C = Inter-level travel time spent in this place.
 D = Time resting spent in this place.
 E = Time spent auto-exploring this place.
 F = Levels seen in this place.
 G = Mean time per level.
                   A        B        C        D        E       F      G
               +--------+--------+--------+--------+--------+-----+--------+
         Total |  12799 |  11898 |    901 |   1239 |   8124 |  13 |  984.5 |
       Dungeon |  12121 |  11255 |    866 |   1239 |   7624 |  11 | 1101.9 |
        Temple |     35 |      1 |     34 |      0 |      0 |   1 |   35.0 |
       Ossuary |    642 |    642 |      0 |      0 |    500 |   1 |  642.0 |
               +--------+--------+--------+--------+--------+-----+--------+

Top non-repeatable levels by time:
    D:10: 1857 daAuts
     D:8: 1354 daAuts
     D:6: 1330 daAuts
     D:9: 1286 daAuts
     D:5: 1272 daAuts
     D:3: 1025 daAuts
     D:4: 1019 daAuts
     D:2: 996 daAuts
     D:1: 905 daAuts
     D:7: 750 daAuts
 Ossuary: 642 daAuts
    D:11: 321 daAuts
  Temple: 35 daAuts
